 Dungeon Crawl Stone Soup version 0.18-b1-22-ge198996 (webtiles) character file.

8532 Wooh the Fighter (level 11, -6/76 HPs)
             Began as a Gargoyle Gladiator on May 4, 2016.
             Was an Elder of Okawaru.
             Mangled by a hill giant
             ... wielding a +0 giant spiked club
              (19 damage)
             ... on level 11 of the Dungeon.
             The game lasted 00:38:04 (9346 turns).

Wooh the Fighter (Gargoyle Gladiator)               Turns: 9346, Time: 00:38:05

Health: -6/76      AC: 28    Str: 22      XL:     11   Next: 32%
Magic:  9/11       EV: 15    Int:  8 (9)  God:    Okawaru [****..]
Gold:   514        SH:  0    Dex: 10 (12) Spells: 0 memorised, 10 levels left

rFire  . . .     SeeInvis .     a - +0 quarterstaff
rCold  . . .     Gourm    .     o - +3 ring mail
rNeg   + . .     Faith    .     (shield currently unavailable)
rPois  ∞         Spirit   .     c - +1 helmet
rElec  +         Dismiss  .     H - +0 cloak
rCorr  .         Reflect  .     n - +0 pair of gloves
SustAt .         Harm     .     P - +0 pair of boots
MR     +....     Rnd*Rage +     i - amulet of regeneration
Stlth  ++........               (no ring)
                                (no ring)

@: heroism, somewhat resistant to hostile enchantments, unstealthy
A: yellow scales 1, berserk 1, deterioration 1, magic resistance 1, negative
energy resistance 1, electricity resistance, slow regeneration 1, strong 1,
unbreathing, petrification resistance, rot immunity, subdued magic 1, AC +7
a: Heroism, Renounce Religion


You were on level 11 of the Dungeon.
You worshipped Okawaru.
Okawaru was greatly pleased with you.
You were very hungry.

You visited 2 branches of the dungeon, and saw 12 of its levels.

You collected 514 gold pieces.

Inventory:

Hand Weapons
 a - a +0 quarterstaff (weapon)
 K - a +0 shortbow
Missiles
 d - 3 throwing nets
 s - 95 bolts
 v - 174 arrows
 N - 4 steel javelins (quivered)
 Q - 4 javelins
 S - 8 poisoned tomahawks
Armour
 c - a +1 helmet (worn)
 e - a cursed +0 plate armour
 n - a +0 pair of gloves (worn)
 o - a +3 ring mail (worn)
 H - a +0 cloak (worn)
 P - a +0 pair of boots (worn)
Jewellery
 i - an amulet of regeneration (around neck)
 V - the amulet "Mutipe" {Spirit Str+6 Dex+3, unknown}
   (You found it on level 9 of the Dungeon)

   [amulet of guardian spirit]

   It causes incoming damage to be split between your health and magic.
   It affects your strength (+6).
   It affects your dexterity (+3).
Wands
 k - a wand of slowing (26/48)
 u - a wand of digging (14/24)
 L - a wand of iceblast (3/15)
 M - a wand of polymorph (14/24)
Scrolls
 b - a scroll of immolation {unknown}
 h - 8 scrolls of teleportation {unknown}
 m - 3 scrolls of blinking {unknown}
 q - 4 scrolls of recharging
 w - 6 scrolls of remove curse
 y - 2 scrolls of enchant weapon {unknown}
 z - a scroll of random uselessness {unknown}
 C - a scroll of magic mapping {unknown}
 F - 2 scrolls of noise {unknown}
 U - 3 scrolls of fear
Potions
 g - 2 potions of heal wounds
 j - 5 potions of haste
 r - a potion of mutation {unknown}
 t - 4 potions of lignification
 A - a potion of resistance {unknown}
 B - 2 potions of invisibility
 E - 7 potions of curing
 I - 4 potions of flight
 R - a potion of cancellation {unknown}
Comestibles
 f - 12 bread rations
 l - a royal jelly
 p - 7 meat rations
 x - 9 fruits
 G - a beef jerky
 Z - 8 slices of pizza


   Skills:
 - Level 12.7(17.7) Fighting
 - Level 7.7(12.7) Staves
 - Level 1.7(6.7) Throwing
 - Level 9.1(14.1) Armour
 + Level 6.0(11.0) Dodging


You had 10 spell levels left.
You didn't know any spells.

Dungeon Overview and Level Annotations

Branches:
Dungeon (11/15)            Temple (1/1) D:7
   Lair: D:8-11         Orc: D:9-12

Altars:
Ashenzari
Cheibriados
Dithmenos
Elyvilon
Fedhas
Gozag
Kikubaaqudgha
Makhleb
Nemelex Xobeh
Okawaru
Pakellas
Qazlal
Ru
Sif Muna
Trog
Vehumet
Xom
Yredelemnul
Zin
The Shining One

Shops:
D:5 ?

Annotations:
D:8 namnharef's ghost, novice DDBe


Innate Abilities, Weirdness & Mutations

You are resistant to torment.
Your stone body is resilient (AC +7).
You are immune to poison.
You resist negative energy.
You are resistant to electric shocks.
You can survive without breathing.
You are immune to petrification.
You are immune to rotting.
You are partially covered in yellow scales (AC +2).
You tend to lose your temper in combat.
Your body sometimes deteriorates upon taking damage.
You are resistant to hostile enchantments.
You regenerate slowly when monsters are visible.
Your muscles are strong. (Str +2)
Your spells are a little easier to cast, but a little less powerful.


Message History

The hill giant hits you with a giant spiked club!!
* * * LOW HITPOINT WARNING * * *
You are too injured to fight recklessly!
You gain the combat prowess of a mighty hero.
You feel slightly more hungry.
You sock the hill giant!
The hill giant is moderately wounded.
The hill giant hits you with a giant spiked club.
* * * LOW HITPOINT WARNING * * *
You hit the hill giant but do no damage.
The hill giant is moderately wounded.
You sock the hill giant!
The hill giant is heavily wounded.
The hill giant closely misses you.
You completely miss the hill giant.
The hill giant is heavily wounded.
You hit the hill giant.
The hill giant is severely wounded.
The hill giant hits you with a giant spiked club!!
You die...

#...
.... ...
#
..###..
.......
.......
##yy..#
. ##C#
.. #@##
.. ###.#
#. #..##
#. ##.##
##. #..#
##..
##.#
##...
#.##
##....
##.##
##....#
##.###
##...###


You could see a hill giant and 2 killer bees.

Vanquished Creatures
  Erica (D:9)
  An ugly thing (D:11)
  Maurice (D:9)
  Joseph (D:8)
  The ghost of Shenda the Changer, an amateur DrTm of Qazlal (D:4)
  2 trolls
  4 slime creatures (D:10)
  Grinder (D:6)
  A wraith (D:10)
  A wyvern (D:10)
  A vampire (D:11)
  Sigmund (D:5)
  3 hippogriffs
  Menkaure (D:5)
  2 water moccasins
  An ice beast (D:7)
  3 orc warriors
  A wasp (D:7)
  2 black bears
  4 sky beasts
  2 phantoms
  An eye of draining (D:8)
  6 ogres
  2 centaurs
  A big kobold (D:9)
  5 giant frogs
  A wyvern skeleton (D:7)
  4 scorpions
  2 killer bees (D:11)
  4 wights (D:10)
  2 howler monkeys
  A giant frog zombie (D:6)
  5 crimson imps
  2 orc priests
  3 jellies
  2 giant frog skeletons
  2 hounds
  2 orc wizards (D:4)
  An iguana (D:8)
  10 worker ants
  A hound zombie (D:10)
  A hound skeleton (D:4)
  A howler monkey zombie (D:8)
  10 adders
  A shadow imp (D:11)
  An ooze (D:6)
  An adder zombie (D:5)
  2 worms
  A dart slug (D:1)
  4 giant geckos
  21 orcs
  2 ball pythons
  9 bats
  6 giant cockroaches
  11 goblins
  8 hobgoblins
  3 jackals (D:7)
  7 quokkas
  A giant gecko zombie (D:6)
  7 giant newts
  10 kobolds
  5 rats
204 creatures vanquished.

Notes
Turn   | Place    | Note
--------------------------------------------------------------
     0 | D:1      | Wooh the Gargoyle Gladiator began the quest for the Orb.
     0 | D:1      | Reached XP level 1. HP: 12/12 MP: 1/1
    26 | D:1      | Reached skill level 1 in Armour
    63 | D:1      | Reached XP level 2. HP: 17/17 MP: 2/2
   252 | D:1      | Reached XP level 3. HP: 17/21 MP: 3/3
   691 | D:2      | Found a blossoming altar of Fedhas.
   742 | D:2      | Found a faded altar to an unknown god.
   850 | D:2      | Reached XP level 4. HP: 26/26 MP: 4/4
  1247 | D:3      | Reached skill level 5 in Armour
  1247 | D:3      | Reached XP level 5. HP: 30/30 MP: 5/5
  1371 | D:3      | Found a shattered altar of Ashenzari.
  1383 | D:3      | Noticed a water moccasin
  1416 | D:3      | Killed a water moccasin
  1416 | D:3      | Reached XP level 6. HP: 22/35 MP: 6/6
  2101 | D:4      | Noticed Shenda's ghost (amateur DrTm)
  2207 | D:4      | Found a glowing golden altar of the Shining One.
  2324 | D:4      | Noticed a water moccasin
  2347 | D:4      | Killed a water moccasin
  2347 | D:4      | Reached XP level 7. HP: 32/40 MP: 7/7
  2658 | D:4      | Killed Shenda's ghost
  3035 | D:4      | Reached skill level 3 in Fighting
  3101 | D:4      | Reached XP level 8. HP: 46/46 MP: 8/8
  3257 | D:5      | Entered Level 5 of the Dungeon
  3301 | D:5      | Reached skill level 4 in Fighting
  3341 | D:5      | Found Maho Peo's Magic Scroll Shop.
  3344 | D:5      | 572g scroll of acq x2
  3359 | D:5      | Reached skill level 5 in Fighting
  3670 | D:5      | Reached skill level 6 in Fighting
  3737 | D:5      | Noticed Sigmund
  3876 | D:5      | Killed Sigmund
  3876 | D:5      | Reached skill level 7 in Fighting
  4114 | D:5      | Noticed Menkaure
  4123 | D:5      | Killed Menkaure
  4233 | D:5      | Reached skill level 8 in Fighting
  4349 | D:5      | Reached XP level 9. HP: 18/60 MP: 9/9
  4521 | D:6      | Reached skill level 9 in Fighting
  4839 | D:6      | Noticed Grinder
  4847 | D:6      | Paralysed by Grinder for 7 turns
  4878 | D:6      | Killed Grinder
  5000 | D:6      | You fall through a shaft for 2 floors!
  5111 | D:8      | Found a flagged portal.
  5156 | D:8      | Reached skill level 10 in Fighting
  5618 | D:7      | Reached skill level 11 in Fighting
  5756 | D:7      | Found a staircase to the Ecumenical Temple.
  5761 | Temple   | Entered the Ecumenical Temple
  5858 | Temple   | Became a worshipper of Warmaster Okawaru
  6245 | D:8      | Noticed namnharef's ghost (novice DDBe)
  6377 | D:8      | Noticed Joseph
  6407 | D:8      | Killed Joseph
  6407 | D:8      | Reached * piety under Okawaru
  6407 | D:8      | Reached skill level 12 in Fighting
  6407 | D:8      | Reached XP level 10. HP: 65/71 MP: 10/10
  7517 | D:9      | Gained mutation: Your spells are a little easier to cast, but a little less powerful. [mutagenic meat]
  7518 | D:9      | Gained mutation: You regenerate slowly when monsters are visible. [mutagenic meat]
  7519 | D:9      | Gained mutation: You are partially covered in yellow scales (AC +2). [mutagenic meat]
  7520 | D:9      | Gained mutation: Your muscles are strong. (Str +2) [mutagenic meat]
  7521 | D:9      | Gained mutation: Your body sometimes deteriorates upon taking damage. [mutagenic meat]
  7522 | D:9      | Gained mutation: You are resistant to hostile enchantments. [mutagenic meat]
  7549 | D:9      | Noticed Erica
  7553 | D:9      | Noticed Maurice
  7566 | D:9      | Killed Erica
  7566 | D:9      | Reached ** piety under Okawaru
  7566 | D:9      | Reached skill level 5 in Staves
  7587 | D:9      | Killed Maurice
  7596 | D:9      | Got a wavering brass amulet
  8040 | D:9      | Reached *** piety under Okawaru
  8082 | D:10     | Entered Level 10 of the Dungeon
  8212 | D:10     | Found a burning altar of Makhleb.
  8252 | D:10     | Reached XP level 11. HP: 66/76 MP: 11/11
  8261 | D:10     | Gained mutation: You tend to lose your temper in combat. [mutagenic meat]
  8933 | D:10     | Reached skill level 5 in Dodging
  9091 | D:10     | Reached **** piety under Okawaru
  9316 | D:11     | Noticed a white ugly thing
  9318 | D:11     | Noticed a hill giant
  9337 | D:11     | Killed a white ugly thing
  9346 | D:11     | Mangled by a hill giant

Skill      XL: |  1  2  3  4  5  6  7  8  9 10 11 |
---------------+----------------------------------+-----
Armour         | 1 2 3 5 6 7 9 |  9.1
Fighting       | 3 8 12 | 12.7
Staves         | 7 |  7.7
Dodging        | 3 6 |  6.0
Throwing       | |  1.7

Action                   |  1- 3 |  4- 6 |  7- 9 | 10-12 || total
-------------------------+-------+-------+-------+-------++-------
Melee: Quarterstaff      |   137 |   177 |   559 |   417 ||  1290
Throw: Javelin           |       |       |       |     7 ||     7
       Tomahawk          |       |       |       |     4 ||     4
Invok: Heroism           |       |       |       |     5 ||     5
Evoke: Wand              |       |       |     4 |       ||     4
  Use: Scroll            |       |       |     9 |     4 ||    13
  Eat: Chunk             |       |     5 |    14 |    17 ||    36
Armor: Leather armour    |    59 |     5 |       |       ||    64
       Chain mail        |       |   121 |    74 |       ||   195
       Ring mail         |       |       |   244 |   219 ||   463
Dodge: Dodged            |   107 |    85 |   248 |   204 ||   644
